[ AOE2 MATCH · #478646488 ]
Team RMJapanese vs Vietnamese
[ REPLAY ANALYSIS · EXTRACTED FROM THE RECORDED GAME ]
Feudal
13:19
Castle
16:56
Imperial
—
| APM avg | 42.1 |
| APM peak | 109 |
| eAPM avg | 21.9 |
| Villagers / military | 117 / 60 |
Focus
⚔️ 31.9% · 🌾 68.1%
Cavalry Archer ×59 · Knight ×1
Feudal
15:15
Castle
18:55
Imperial
33:57
| APM avg | 28.8 |
| APM peak | 61 |
| eAPM avg | 21.8 |
| Villagers / military | 122 / 36 |
Focus
⚔️ 30.1% · 🌾 69.9%
Rattan Archer ×36
Feudal
13:45
Castle
16:45
Imperial
29:47
| APM avg | 31.4 |
| APM peak | 58 |
| eAPM avg | 20.4 |
| Villagers / military | 118 / 34 |
Focus
⚔️ 29.7% · 🌾 70.3%
Battle Elephant ×28 · Fishing Ship ×27 · Skirmisher ×3 · Galley ×1 · Knight ×1 · Bombard Cannon ×1
Feudal
12:57
Castle
18:43
Imperial
—
| APM avg | 39.4 |
| APM peak | 85 |
| eAPM avg | 13.0 |
| Villagers / military | 80 / 32 |
Focus
⚔️ 24.7% · 🌾 75.3%
Bolas Rider ×29 · Spearman ×2 · Archer ×1
Feudal
14:32
Castle
19:45
Imperial
—
| APM avg | 31.7 |
| APM peak | 62 |
| eAPM avg | 16.3 |
| Villagers / military | 87 / 0 |
Focus
⚔️ 15.1% · 🌾 84.9%
Feudal
11:21
Castle
22:14
Imperial
—
| APM avg | 61.7 |
| APM peak | 207 |
| eAPM avg | 23.4 |
| Villagers / military | 92 / 15 |
Focus
⚔️ 29.1% · 🌾 70.9%
Knight ×10 · Scout Cavalry ×5
Feudal
13:40
Castle
17:17
Imperial
—
| APM avg | 33.8 |
| APM peak | 72 |
| eAPM avg | 19.5 |
| Villagers / military | 121 / 32 |
Focus
⚔️ 28.3% · 🌾 71.7%
Camel Archer ×32
Feudal
14:48
Castle
18:25
Imperial
—
| APM avg | 74.8 |
| APM peak | 136 |
| eAPM avg | 33.7 |
| Villagers / military | 155 / 48 |
Focus
⚔️ 26.4% · 🌾 73.6%
Mangudai ×48
Match map
Initial resources + every placement click. Lines = walls · curves = elevation contours. ◆ gold · ⬟ stone · ● berries · ✦ relic · ◌ wall gap
Your base· Open — 8t gap
SinManos's base· Open — unwalled flank
Ux'Uzzi's base· ✓ Closed at 16:45 · 35t walls · no gate
_xRegulusx_'s base· Open — unwalled flank
Huxley's base· Open — unwalled flank
_MaNu_'s base· Open — unwalled flank
Requi3m's base· Open — unwalled flank
TheZero's base· Open — unwalled flank
Smoothed initial terrain · ◌ = detected wall gap · hover for details
Inputs per minute
— Ux'Kmicampos - - SinManos
Build order — Ux'Kmicampos
First 150 of 313 actions detected
| 0:20 | Build | Town Center |
| 2:46 | Build | House |
| 3:00 | Create | Villager (Male) |
| 3:00 | Create | Villager (Male) |
| 3:01 | Create | Villager (Male) |
| 3:01 | Create | Villager (Male) |
| 3:01 | Create | Villager (Male) |
| 4:01 | Create | Villager (Male) |
| 4:19 | Build | House |
| 4:27 | Research | Loom |
| 4:29 | Create | Villager (Male) |
| 4:38 | Create | Villager (Male) |
| 4:46 | Build | House |
| 4:56 | Build | House |
| 5:03 | Create | Villager (Male) |
| 5:25 | Create | Villager (Male) |
| 5:55 | Create | Villager (Male) |
| 5:55 | Create | Villager (Male) |
| 6:16 | Build | Lumber Camp |
| 6:21 | Create | Villager (Male) |
| 6:28 | Create | Villager (Male) |
| 6:35 | Create | Villager (Male) |
| 6:59 | Build | House |
| 7:02 | Build | Palisade Wall |
| 7:48 | Build | Palisade Wall |
| 7:52 | Build | Palisade Wall |
| 7:54 | Build | Palisade Wall |
| 8:12 | Create | Villager (Male) |
| 8:13 | Create | Villager (Male) |
| 8:52 | Build | Mill |
| 8:56 | Create | Villager (Male) |
| 9:07 | Build | House |
| 9:16 | Build | House |
| 9:30 | Create | Villager (Male) |
| 10:04 | Create | Villager (Male) |
| 10:06 | Create | Villager (Male) |
| 10:09 | Create | Villager (Male) |
| 10:21 | Build | Mining Camp |
| 10:28 | Build | House |
| 10:33 | Build | House |
| 11:07 | Research | Feudal Age |
| 11:07 | Research | Feudal Age |
| 11:51 | Build | House |
| 11:59 | Build | Palisade Wall |
| 12:00 | Build | Palisade Wall |
| 12:01 | Build | Palisade Wall |
| 12:01 | Build | Palisade Wall |
| 12:31 | Build | Palisade Wall |
| 12:39 | Build | Palisade Wall |
| 12:41 | Build | Palisade Wall |
| 12:42 | Build | Palisade Wall |
| 12:52 | Create | Villager (Male) |
| 12:53 | Create | Villager (Male) |
| 13:19 | Age | Feudal Age |
| 13:24 | Build | Market |
| 13:28 | Build | Blacksmith |
| 13:40 | Build | Palisade Wall |
| 14:16 | Research | Castle Age |
| 14:41 | Build | Palisade Wall |
| 14:50 | Build | Palisade Wall |
| 14:54 | Build | Palisade Wall |
| 15:15 | Research | Double-Bit Axe |
| 15:39 | Build | Barracks |
| 15:46 | Create | Villager (Male) |
| 16:15 | Create | Villager (Male) |
| 16:23 | Build | House |
| 16:56 | Age | Castle Age |
| 17:03 | Build | Archery Range |
| 17:26 | Build | Archery Range |
| 17:32 | Build | House |
| 17:40 | Build | Archery Range |
| 17:43 | Create | Villager (Male) |
| 17:43 | Create | Villager (Male) |
| 17:53 | Create | Villager (Male) |
| 17:57 | Create | Cavalry Archer |
| 18:01 | Research | Bow Saw |
| 18:04 | Build | House |
| 18:05 | Create | Villager (Male) |
| 18:19 | Create | Villager (Male) |
| 18:31 | Create | Cavalry Archer ×3 |
| 18:32 | Create | Cavalry Archer ×3 |
| 18:47 | Create | Villager (Male) |
| 19:12 | Create | Villager (Male) |
| 19:21 | Build | Town Center |
| 19:26 | Create | Villager (Male) |
| 19:33 | Create | Cavalry Archer |
| 19:33 | Create | Cavalry Archer |
| 19:50 | Create | Villager (Male) |
| 20:07 | Create | Cavalry Archer |
| 20:07 | Create | Cavalry Archer |
| 20:12 | Research | Fletching |
| 20:28 | Build | Palisade Wall |
| 20:34 | Create | Villager (Male) |
| 20:44 | Create | Villager (Male) |
| 21:00 | Create | Cavalry Archer |
| 21:03 | Create | Villager (Male) |
| 21:21 | Build | Palisade Gate |
| 21:21 | Create | Villager (Male) |
| 21:25 | Create | Cavalry Archer |
| 21:25 | Create | Cavalry Archer |
| 21:38 | Create | Villager (Male) |
| 21:50 | Create | Villager (Male) |
| 21:57 | Build | Mill |
| 22:12 | Create | Villager (Male) |
| 22:17 | Create | Cavalry Archer |
| 22:17 | Create | Cavalry Archer |
| 22:23 | Create | Cavalry Archer ×2 |
| 22:23 | Create | Cavalry Archer ×2 |
| 22:24 | Create | Villager (Male) |
| 22:24 | Create | Villager (Male) |
| 22:35 | Create | Villager (Male) |
| 22:57 | Build | Farm |
| 22:58 | Build | Farm |
| 22:58 | Build | Farm |
| 23:00 | Create | Villager (Male) |
| 23:16 | Create | Villager (Male) |
| 23:23 | Build | Town Center |
| 23:32 | Create | Cavalry Archer |
| 23:32 | Create | Cavalry Archer |
| 23:33 | Create | Cavalry Archer |
| 23:34 | Create | Villager (Male) |
| 23:36 | Build | House |
| 23:37 | Build | House |
| 23:38 | Create | Villager (Male) |
| 23:40 | Create | Villager (Male) |
| 23:41 | Create | Villager (Male) |
| 23:45 | Build | House |
| 23:48 | Build | House |
| 23:48 | Build | House |
| 23:52 | Create | Villager (Male) |
| 23:55 | Build | House |
| 23:56 | Create | Villager (Male) |
| 24:07 | Create | Cavalry Archer |
| 24:08 | Create | Cavalry Archer |
| 24:08 | Create | Cavalry Archer |
| 24:09 | Create | Villager (Male) |
| 24:17 | Research | Bodkin Arrow |
| 24:17 | Research | Bodkin Arrow |
| 24:44 | Create | Villager (Male) |
| 24:50 | Create | Cavalry Archer |
| 24:50 | Create | Cavalry Archer |
| 24:51 | Create | Villager (Male) |
| 24:55 | Research | Horse Collar |
| 24:59 | Create | Villager (Male) |
| 25:18 | Create | Villager (Male) |
| 25:19 | Create | Villager (Male) |
| 25:24 | Build | Stable |
| 25:24 | Create | Villager (Male) |
| 25:31 | Create | Cavalry Archer |
| 25:31 | Create | Cavalry Archer |
Build order — SinManos
First 150 of 320 actions detected
| 0:23 | Build | Town Center |
| 2:08 | Build | House |
| 2:38 | Create | Villager (Male) |
| 2:39 | Create | Villager (Male) |
| 2:39 | Create | Villager (Male) |
| 2:39 | Create | Villager (Male) |
| 2:40 | Create | Villager (Male) |
| 2:59 | Build | House |
| 3:28 | Research | Loom |
| 3:46 | Create | Villager (Male) |
| 3:46 | Create | Villager (Male) |
| 4:04 | Build | House |
| 4:22 | Build | House |
| 4:43 | Create | Villager (Male) |
| 4:44 | Create | Villager (Male) |
| 4:44 | Create | Villager (Male) |
| 5:10 | Build | House |
| 5:47 | Create | Villager (Male) |
| 5:47 | Create | Villager (Male) |
| 5:54 | Build | Lumber Camp |
| 6:14 | Create | Villager (Male) |
| 6:58 | Build | House |
| 7:04 | Build | House |
| 7:11 | Create | Villager (Male) |
| 7:16 | Build | House |
| 7:27 | Create | Villager (Male) |
| 7:28 | Build | House |
| 7:38 | Build | Palisade Wall |
| 7:38 | Build | Palisade Wall |
| 7:42 | Build | House |
| 7:53 | Build | House |
| 8:00 | Create | Villager (Male) |
| 8:03 | Build | House |
| 8:30 | Create | Villager (Male) |
| 8:43 | Create | Villager (Male) |
| 9:02 | Create | Villager (Male) |
| 9:13 | Build | Mill |
| 9:19 | Create | Villager (Male) |
| 9:26 | Create | Villager (Male) |
| 10:07 | Create | Villager (Male) |
| 10:10 | Build | House |
| 10:32 | Create | Villager (Male) |
| 10:49 | Create | Villager (Male) |
| 11:01 | Build | House |
| 11:11 | Build | House |
| 11:22 | Create | Villager (Male) |
| 11:26 | Build | House |
| 11:39 | Build | House |
| 11:47 | Create | Villager (Male) |
| 11:51 | Create | Villager (Male) |
| 11:56 | Build | Mining Camp |
| 12:28 | Build | Palisade Gate |
| 12:39 | Build | Palisade Wall |
| 12:40 | Build | Palisade Wall |
| 12:40 | Build | Palisade Wall |
| 12:41 | Build | Palisade Wall |
| 12:42 | Build | Palisade Wall |
| 12:47 | Create | Villager (Male) |
| 12:54 | Build | Mining Camp |
| 13:01 | Research | Feudal Age |
| 13:20 | Build | Mill |
| 13:24 | Build | Palisade Wall |
| 13:25 | Build | Palisade Wall |
| 13:46 | Build | Palisade Wall |
| 13:47 | Build | Palisade Wall |
| 13:48 | Build | Palisade Wall |
| 13:52 | Build | Palisade Wall |
| 13:54 | Build | Palisade Wall |
| 13:57 | Build | Palisade Wall |
| 14:14 | Build | Palisade Wall |
| 14:15 | Build | Palisade Wall |
| 14:16 | Build | Palisade Wall |
| 14:19 | Build | Palisade Wall |
| 14:20 | Build | Palisade Wall |
| 14:21 | Build | Palisade Wall |
| 14:22 | Build | Palisade Wall |
| 14:33 | Create | Villager (Male) |
| 14:39 | Build | Palisade Wall |
| 14:41 | Build | Palisade Wall |
| 14:42 | Build | Palisade Wall |
| 14:43 | Build | Palisade Wall |
| 14:43 | Build | Palisade Wall |
| 14:51 | Create | Villager (Male) |
| 15:15 | Age | Feudal Age |
| 15:17 | Build | Market |
| 15:28 | Build | Blacksmith |
| 16:15 | Research | Castle Age |
| 16:15 | Research | Castle Age |
| 16:20 | Build | Palisade Wall |
| 16:22 | Build | Palisade Wall |
| 16:23 | Build | Palisade Wall |
| 16:23 | Build | Palisade Wall |
| 16:25 | Build | Palisade Wall |
| 17:09 | Build | Palisade Wall |
| 17:31 | Research | Double-Bit Axe |
| 17:32 | Research | Double-Bit Axe |
| 18:09 | Create | Villager (Male) |
| 18:21 | Create | Villager (Male) |
| 18:22 | Build | House |
| 18:34 | Research | Wheelbarrow |
| 18:39 | Research | Horse Collar |
| 18:55 | Age | Castle Age |
| 18:58 | Build | Town Center |
| 19:13 | Build | Town Center |
| 19:22 | Build | House |
| 19:52 | Create | Villager (Male) |
| 20:06 | Create | Villager (Male) |
| 20:12 | Build | Farm |
| 20:23 | Create | Villager (Male) |
| 20:24 | Create | Villager (Male) |
| 20:27 | Build | Castle |
| 20:33 | Create | Villager (Male) |
| 20:37 | Build | Farm |
| 20:40 | Create | Villager (Male) |
| 20:47 | Create | Villager (Male) |
| 21:05 | Create | Villager (Male) |
| 21:12 | Research | Bow Saw |
| 21:13 | Research | Bow Saw |
| 21:24 | Build | Farm |
| 21:26 | Create | Villager (Male) |
| 21:28 | Create | Villager (Male) |
| 21:35 | Build | Farm |
| 21:37 | Build | Farm |
| 21:40 | Build | Farm |
| 21:42 | Build | Farm |
| 21:44 | Create | Villager (Male) |
| 21:46 | Build | Farm |
| 21:49 | Build | Farm |
| 22:02 | Create | Villager (Male) |
| 22:02 | Create | Villager (Male) |
| 22:02 | Create | Villager (Male) |
| 22:03 | Create | Villager (Male) |
| 22:05 | Build | Farm |
| 22:06 | Build | Farm |
| 22:09 | Build | Farm |
| 22:10 | Build | Farm |
| 22:17 | Create | Villager (Male) |
| 22:26 | Create | Villager (Male) |
| 22:43 | Create | Villager (Male) |
| 22:44 | Create | Villager (Male) |
| 22:45 | Create | Villager (Male) |
| 22:50 | Create | Rattan Archer |
| 22:51 | Create | Villager (Male) |
| 22:59 | Create | Villager (Male) |
| 23:09 | Create | Villager (Male) |
| 23:19 | Create | Villager (Male) |
| 23:24 | Create | Villager (Male) |
| 23:24 | Create | Villager (Male) |
| 23:24 | Create | Villager (Male) |
| 23:32 | Create | Villager (Male) |
Build order — Ux'Uzzi
First 150 of 350 actions detected
| 0:17 | Build | Town Center |
| 2:42 | Build | House |
| 2:48 | Create | Villager (Male) |
| 2:48 | Create | Villager (Male) |
| 2:49 | Create | Villager (Male) |
| 2:49 | Create | Villager (Male) |
| 3:48 | Create | Villager (Male) |
| 4:21 | Create | Villager (Male) |
| 4:39 | Build | Lumber Camp |
| 4:42 | Create | Villager (Male) |
| 5:05 | Build | House |
| 5:37 | Create | Villager (Male) |
| 6:04 | Create | Villager (Male) |
| 6:28 | Create | Villager (Male) |
| 6:45 | Build | House |
| 6:54 | Build | Dock |
| 6:56 | Create | Villager (Male) |
| 7:11 | Create | Villager (Male) |
| 7:34 | Create | Fishing Ship |
| 7:41 | Build | House |
| 7:51 | Create | Villager (Male) |
| 8:07 | Build | House |
| 8:11 | Build | Palisade Wall |
| 8:13 | Create | Villager (Male) |
| 8:30 | Create | Fishing Ship |
| 8:32 | Create | Villager (Male) |
| 8:43 | Create | Villager (Male) |
| 9:21 | Create | Villager (Male) |
| 9:23 | Create | Fishing Ship |
| 9:23 | Create | Fishing Ship |
| 9:27 | Create | Villager (Male) |
| 9:33 | Build | House |
| 9:39 | Build | Palisade Wall |
| 9:54 | Create | Fishing Ship |
| 10:10 | Build | Palisade Wall |
| 10:15 | Create | Villager (Male) |
| 10:31 | Build | Palisade Wall |
| 10:35 | Create | Villager (Male) |
| 10:36 | Build | Lumber Camp |
| 10:56 | Create | Villager (Male) |
| 11:09 | Build | Mill |
| 11:13 | Create | Villager (Male) |
| 11:43 | Build | Palisade Wall |
| 11:51 | Research | Loom |
| 11:58 | Research | Feudal Age |
| 12:10 | Build | House |
| 12:31 | Build | Palisade Wall |
| 12:51 | Build | House |
| 12:57 | Build | Palisade Wall |
| 13:16 | Build | Palisade Wall |
| 13:45 | Age | Feudal Age |
| 13:49 | Create | Villager (Male) |
| 13:50 | Create | Villager (Male) |
| 13:52 | Research | Town Watch |
| 13:54 | Build | Market |
| 13:56 | Build | Blacksmith |
| 13:59 | Build | House |
| 14:12 | Build | Dock |
| 14:40 | Build | House |
| 14:41 | Build | Palisade Wall |
| 15:01 | Build | Palisade Wall |
| 15:09 | Research | Castle Age |
| 15:15 | Build | Mining Camp |
| 15:46 | Research | Double-Bit Axe |
| 15:48 | Create | Fishing Ship |
| 16:07 | Create | Fishing Ship |
| 16:37 | Create | Fishing Ship |
| 16:43 | Create | Villager (Male) |
| 16:45 | Age | Castle Age |
| 16:56 | Create | Villager (Male) |
| 17:11 | Create | Fishing Ship |
| 17:17 | Build | Town Center |
| 17:20 | Create | Villager (Male) |
| 17:38 | Create | Villager (Male) |
| 17:42 | Create | Fishing Ship |
| 17:54 | Build | Fish Trap |
| 17:58 | Build | Fish Trap |
| 18:02 | Create | Villager (Male) |
| 18:09 | Build | Fish Trap |
| 18:12 | Create | Fishing Ship |
| 18:13 | Create | Villager (Male) |
| 18:36 | Build | Fish Trap |
| 18:46 | Build | House |
| 18:47 | Build | House |
| 18:49 | Create | Villager (Male) |
| 19:19 | Build | Mill |
| 19:21 | Create | Villager (Male) |
| 19:22 | Create | Villager (Male) |
| 19:24 | Create | Villager (Male) |
| 19:28 | Research | Tech 906 |
| 19:28 | Research | Tech 906 |
| 19:30 | Create | Villager (Male) |
| 19:39 | Create | Villager (Male) |
| 19:51 | Build | Town Center |
| 19:57 | Create | Villager (Male) |
| 19:59 | Create | Fishing Ship |
| 19:59 | Create | Fishing Ship |
| 20:04 | Build | Fish Trap |
| 20:08 | Build | Fish Trap |
| 20:24 | Research | Bow Saw |
| 20:36 | Build | House |
| 20:37 | Build | House |
| 20:38 | Create | Villager (Male) |
| 20:39 | Create | Villager (Male) |
| 20:45 | Create | Fishing Ship |
| 20:50 | Build | Fish Trap |
| 20:53 | Create | Fishing Ship |
| 20:55 | Create | Villager (Male) |
| 21:07 | Create | Villager (Male) |
| 21:12 | Build | Fish Trap |
| 21:17 | Build | Fish Trap |
| 21:21 | Build | Fish Trap |
| 21:22 | Create | Villager (Male) |
| 21:27 | Create | Villager (Male) |
| 21:29 | Create | Villager (Male) |
| 21:33 | Build | Fish Trap |
| 21:35 | Build | House |
| 21:36 | Build | House |
| 21:48 | Create | Villager (Male) |
| 21:56 | Create | Villager (Male) |
| 21:57 | Create | Villager (Male) |
| 22:04 | Create | Villager (Male) |
| 22:08 | Create | Fishing Ship |
| 22:08 | Create | Fishing Ship |
| 22:23 | Build | Dock |
| 22:26 | Create | Villager (Male) |
| 22:31 | Research | Horse Collar |
| 22:35 | Create | Fishing Ship |
| 22:35 | Create | Fishing Ship |
| 22:47 | Build | House |
| 22:48 | Build | House |
| 22:49 | Build | House |
| 22:53 | Build | Mining Camp |
| 22:55 | Create | Villager (Male) |
| 22:56 | Create | Villager (Male) |
| 22:57 | Create | Villager (Male) |
| 23:02 | Build | Fish Trap |
| 23:05 | Create | Fishing Ship |
| 23:13 | Create | Fishing Ship |
| 23:13 | Create | Fishing Ship |
| 23:13 | Create | Fishing Ship |
| 23:15 | Create | Fishing Ship |
| 23:15 | Create | Fishing Ship |
| 23:17 | Create | Villager (Male) |
| 23:18 | Create | Villager (Male) |
| 23:20 | Build | House |
| 23:21 | Build | House |
| 23:24 | Create | Villager (Male) |
| 23:35 | Build | Farm |
| 23:35 | Build | Farm |
Build order — _xRegulusx_
First 150 of 189 actions detected
| 0:18 | Build | Town Center |
| 0:39 | Build | House |
| 2:34 | Create | Villager (Male) |
| 2:34 | Create | Villager (Male) |
| 2:35 | Create | Villager (Male) |
| 2:35 | Create | Villager (Male) |
| 2:35 | Create | Villager (Male) |
| 3:33 | Create | Villager (Male) |
| 4:15 | Create | Villager (Male) |
| 4:49 | Create | Villager (Male) |
| 5:02 | Build | Settlement |
| 5:07 | Research | Loom |
| 5:25 | Create | Villager (Male) |
| 5:25 | Create | Villager (Male) |
| 6:26 | Create | Villager (Male) |
| 6:27 | Create | Villager (Male) |
| 6:27 | Create | Villager (Male) |
| 6:52 | Create | Villager (Male) |
| 6:52 | Create | Villager (Male) |
| 7:08 | Create | Villager (Male) |
| 7:36 | Build | Settlement |
| 8:02 | Build | House |
| 8:40 | Create | Villager (Male) |
| 9:06 | Create | Villager (Male) |
| 9:06 | Create | Villager (Male) |
| 9:22 | Build | Settlement |
| 9:23 | Create | Villager (Male) |
| 9:24 | Create | Villager (Male) |
| 10:47 | Research | Feudal Age |
| 11:10 | Create | Villager (Male) |
| 11:10 | Create | Villager (Male) |
| 11:34 | Build | Barracks |
| 12:57 | Age | Feudal Age |
| 12:59 | Build | Archery Range |
| 13:01 | Create | Villager (Male) |
| 13:06 | Research | Double-Bit Axe |
| 13:36 | Create | Spearman |
| 13:37 | Create | Villager (Male) |
| 14:07 | Build | Blacksmith |
| 14:26 | Create | Villager (Male) |
| 14:51 | Build | House |
| 15:08 | Create | Villager (Male) |
| 15:28 | Build | House |
| 16:03 | Research | Castle Age |
| 16:03 | Research | Castle Age |
| 16:06 | Build | Archery Range |
| 16:17 | Create | Spearman |
| 16:42 | Build | Palisade Wall |
| 16:44 | Build | Palisade Wall |
| 17:04 | Research | Gold Mining |
| 17:04 | Research | Gold Mining |
| 18:08 | Build | Palisade Wall |
| 18:09 | Build | Palisade Wall |
| 18:23 | Research | Fletching |
| 18:23 | Research | Fletching |
| 18:26 | Create | Villager (Male) |
| 18:26 | Create | Villager (Male) |
| 18:43 | Age | Castle Age |
| 18:44 | Create | Bolas Rider |
| 18:44 | Create | Bolas Rider |
| 18:46 | Research | Bow Saw |
| 19:00 | Create | Bolas Rider |
| 19:00 | Create | Bolas Rider |
| 19:32 | Create | Villager (Male) |
| 19:44 | Create | Villager (Male) |
| 19:50 | Build | Town Center |
| 20:12 | Create | Villager (Male) |
| 20:13 | Create | Villager (Male) |
| 20:27 | Research | Horse Collar |
| 20:27 | Research | Horse Collar |
| 20:39 | Create | Bolas Rider |
| 21:01 | Create | Bolas Rider |
| 21:03 | Create | Villager (Male) |
| 21:06 | Build | House |
| 21:06 | Build | House |
| 21:20 | Build | Settlement |
| 21:38 | Create | Villager (Male) |
| 21:43 | Create | Villager (Male) |
| 21:43 | Create | Villager (Male) |
| 21:50 | Build | Farm |
| 21:51 | Build | Farm |
| 22:14 | Create | Bolas Rider |
| 22:27 | Create | Villager (Male) |
| 22:27 | Create | Villager (Male) |
| 22:48 | Create | Bolas Rider |
| 22:48 | Create | Bolas Rider |
| 22:49 | Create | Villager (Male) |
| 22:54 | Build | Farm |
| 22:55 | Build | Farm |
| 22:56 | Build | Farm |
| 23:21 | Build | Settlement |
| 23:23 | Build | Farm |
| 23:24 | Build | Farm |
| 23:25 | Build | Farm |
| 23:26 | Create | Villager (Male) |
| 23:45 | Create | Villager (Male) |
| 23:54 | Create | Bolas Rider |
| 24:06 | Create | Villager (Male) |
| 24:18 | Create | Villager (Male) |
| 24:21 | Build | University |
| 24:34 | Create | Villager (Male) |
| 24:38 | Build | Farm |
| 24:39 | Build | Farm |
| 24:45 | Build | Farm |
| 25:06 | Build | House |
| 25:22 | Create | Villager (Male) |
| 25:23 | Create | Villager (Male) |
| 25:50 | Create | Villager (Male) |
| 25:52 | Create | Bolas Rider |
| 25:53 | Create | Bolas Rider |
| 25:53 | Create | Archer |
| 25:54 | Create | Villager (Male) |
| 26:00 | Build | Farm |
| 26:07 | Create | Bolas Rider |
| 26:08 | Create | Bolas Rider |
| 26:21 | Research | Ballistics |
| 26:21 | Research | Ballistics |
| 26:23 | Create | Villager (Male) |
| 26:30 | Build | Farm |
| 26:36 | Build | Outpost |
| 26:38 | Research | Town Watch |
| 26:40 | Create | Villager (Male) |
| 27:02 | Build | Settlement |
| 27:09 | Build | Palisade Wall |
| 27:15 | Create | Villager (Male) |
| 27:16 | Create | Villager (Male) |
| 27:27 | Build | Outpost |
| 27:31 | Create | Villager (Male) |
| 27:35 | Create | Bolas Rider |
| 27:36 | Create | Bolas Rider |
| 27:42 | Create | Villager (Male) |
| 27:44 | Build | Farm |
| 27:49 | Build | Farm |
| 27:52 | Build | House |
| 28:07 | Create | Villager (Male) |
| 28:09 | Create | Villager (Male) |
| 28:11 | Create | Villager (Male) |
| 28:14 | Build | Farm |
| 28:16 | Build | Farm |
| 28:35 | Build | Farm |
| 28:38 | Build | Farm |
| 28:39 | Build | Farm |
| 28:49 | Research | Bodkin Arrow |
| 29:19 | Create | Villager (Male) |
| 29:20 | Create | Villager (Male) |
| 29:39 | Create | Bolas Rider |
| 29:41 | Create | Bolas Rider |
| 29:42 | Create | Bolas Rider |
| 29:42 | Create | Bolas Rider |
| 29:42 | Create | Bolas Rider |
Build order — Huxley
First 150 of 193 actions detected
| 0:45 | Build | Town Center |
| 2:20 | Build | House |
| 3:20 | Create | Villager (Male) |
| 3:27 | Create | Villager (Male) |
| 3:28 | Create | Villager (Male) |
| 3:28 | Create | Villager (Male) |
| 3:36 | Build | House |
| 4:34 | Create | Villager (Male) |
| 4:39 | Research | Loom |
| 5:14 | Create | Villager (Male) |
| 5:32 | Build | Lumber Camp |
| 5:35 | Create | Villager (Male) |
| 6:48 | Create | Villager (Male) |
| 7:12 | Create | Villager (Male) |
| 7:14 | Create | Villager (Male) |
| 7:43 | Create | Villager (Male) |
| 7:46 | Build | House |
| 8:22 | Create | Villager (Male) |
| 8:24 | Create | Villager (Male) |
| 9:25 | Create | Villager (Male) |
| 9:27 | Create | Villager (Male) |
| 9:45 | Build | Mill |
| 10:02 | Create | Villager (Male) |
| 10:10 | Build | House |
| 10:27 | Create | Villager (Male) |
| 10:54 | Create | Villager (Male) |
| 11:15 | Build | House |
| 11:32 | Create | Villager (Male) |
| 11:33 | Create | Villager (Male) |
| 12:02 | Build | Palisade Wall |
| 12:06 | Research | Feudal Age |
| 12:48 | Build | Palisade Wall |
| 13:25 | Create | Villager (Male) |
| 14:02 | Build | Palisade Wall |
| 14:11 | Create | Villager (Male) |
| 14:32 | Age | Feudal Age |
| 14:33 | Create | Villager (Male) |
| 14:37 | Build | Market |
| 14:45 | Build | Blacksmith |
| 15:09 | Build | Mill |
| 15:19 | Build | Palisade Wall |
| 15:36 | Build | House |
| 15:49 | Build | House |
| 15:51 | Build | House |
| 15:59 | Build | House |
| 16:04 | Build | Palisade Wall |
| 16:05 | Build | Palisade Wall |
| 16:12 | Build | Blacksmith |
| 16:23 | Build | House |
| 16:33 | Create | Villager (Male) |
| 17:05 | Research | Castle Age |
| 17:40 | Build | Palisade Wall |
| 17:44 | Build | Palisade Wall |
| 17:57 | Build | Palisade Wall |
| 17:59 | Create | Villager (Male) |
| 18:12 | Build | Palisade Wall |
| 18:21 | Build | Palisade Wall |
| 19:35 | Build | House |
| 19:44 | Research | Double-Bit Axe |
| 19:45 | Age | Castle Age |
| 20:18 | Build | Town Center |
| 20:22 | Create | Villager (Male) |
| 20:58 | Build | House |
| 20:59 | Create | Villager (Male) |
| 21:21 | Build | Farm |
| 21:24 | Build | Farm |
| 21:27 | Build | Farm |
| 21:28 | Build | Farm |
| 21:33 | Create | Villager (Male) |
| 21:49 | Build | House |
| 21:50 | Create | Villager (Male) |
| 21:57 | Build | Farm |
| 22:04 | Create | Villager (Male) |
| 22:05 | Create | Villager (Male) |
| 22:20 | Build | Farm |
| 22:34 | Build | House |
| 22:35 | Build | Palisade Wall |
| 22:37 | Create | Villager (Male) |
| 23:01 | Create | Villager (Male) |
| 23:05 | Build | Farm |
| 23:07 | Build | Farm |
| 23:11 | Create | Villager (Male) |
| 23:19 | Research | Town Watch |
| 23:39 | Build | Farm |
| 23:44 | Build | Farm |
| 23:47 | Create | Villager (Male) |
| 23:53 | Create | Villager (Male) |
| 24:08 | Create | Villager (Male) |
| 24:29 | Create | Villager (Male) |
| 24:35 | Create | Villager (Male) |
| 24:40 | Build | Castle |
| 24:50 | Research | Horse Collar |
| 24:58 | Create | Villager (Male) |
| 25:06 | Build | Farm |
| 25:10 | Build | Farm |
| 25:18 | Build | Outpost |
| 25:19 | Create | Villager (Male) |
| 25:23 | Build | Outpost |
| 25:32 | Create | Villager (Male) |
| 25:43 | Build | Outpost |
| 25:45 | Create | Villager (Male) |
| 25:50 | Build | Farm |
| 25:53 | Build | Farm |
| 26:02 | Create | Villager (Male) |
| 26:03 | Create | Villager (Male) |
| 26:13 | Create | Villager (Male) |
| 26:23 | Build | Outpost |
| 26:32 | Create | Villager (Male) |
| 26:41 | Create | Villager (Male) |
| 26:50 | Build | Farm |
| 26:55 | Build | Farm |
| 27:02 | Build | Farm |
| 27:04 | Build | Farm |
| 27:10 | Build | Outpost |
| 27:15 | Build | Outpost |
| 27:17 | Create | Villager (Male) |
| 27:17 | Create | Villager (Male) |
| 27:17 | Create | Villager (Male) |
| 27:30 | Create | Villager (Male) |
| 27:40 | Create | Villager (Male) |
| 27:48 | Create | Villager (Male) |
| 27:51 | Build | Outpost |
| 27:52 | Create | Villager (Male) |
| 27:55 | Build | Outpost |
| 27:59 | Research | Wheelbarrow |
| 28:08 | Create | Villager (Male) |
| 28:31 | Build | Town Center |
| 28:32 | Create | Villager (Male) |
| 28:35 | Build | Outpost |
| 28:37 | Create | Villager (Male) |
| 28:41 | Build | Outpost |
| 28:42 | Create | Villager (Male) |
| 29:02 | Build | Farm |
| 29:04 | Research | Fletching |
| 29:05 | Create | Villager (Male) |
| 29:19 | Create | Villager (Male) |
| 29:23 | Research | Bow Saw |
| 29:38 | Build | House |
| 29:40 | Build | Palisade Wall |
| 29:42 | Build | House |
| 29:43 | Build | House |
| 29:46 | Build | Palisade Wall |
| 29:53 | Create | Villager (Male) |
| 30:09 | Create | Villager (Male) |
| 30:09 | Create | Villager (Male) |
| 30:12 | Build | Farm |
| 30:14 | Build | Farm |
| 30:26 | Create | Villager (Male) |
| 30:30 | Build | Farm |
| 30:31 | Build | Farm |
Build order — _MaNu_
First 150 of 200 actions detected
| 0:31 | Build | Town Center |
| 2:42 | Research | Loom |
| 3:19 | Create | Villager (Male) |
| 3:19 | Create | Villager (Male) |
| 3:45 | Create | Villager (Male) |
| 3:45 | Create | Villager (Male) |
| 4:01 | Create | Villager (Male) |
| 4:23 | Create | Villager (Male) |
| 4:24 | Create | Villager (Male) |
| 4:34 | Build | House |
| 4:46 | Build | Lumber Camp |
| 4:46 | Create | Villager (Male) |
| 5:23 | Create | Villager (Male) |
| 5:23 | Create | Villager (Male) |
| 5:30 | Build | House |
| 5:31 | Create | Villager (Male) |
| 5:31 | Create | Villager (Male) |
| 5:53 | Create | Villager (Male) |
| 5:53 | Create | Villager (Male) |
| 6:56 | Create | Villager (Male) |
| 6:56 | Create | Villager (Male) |
| 7:00 | Build | House |
| 7:14 | Create | Villager (Male) |
| 7:14 | Create | Villager (Male) |
| 7:15 | Create | Villager (Male) |
| 7:22 | Build | House |
| 7:34 | Build | Mill |
| 8:36 | Create | Villager (Male) |
| 9:11 | Research | Feudal Age |
| 10:26 | Build | Barracks |
| 10:35 | Build | House |
| 10:48 | Build | House |
| 11:14 | Build | House |
| 11:21 | Age | Feudal Age |
| 11:24 | Create | Villager (Male) |
| 11:39 | Build | Stable |
| 11:40 | Create | Villager (Male) |
| 11:59 | Create | Villager (Male) |
| 12:10 | Research | Double-Bit Axe |
| 12:10 | Research | Double-Bit Axe |
| 12:20 | Build | House |
| 12:23 | Create | Scout Cavalry |
| 12:24 | Create | Scout Cavalry |
| 12:26 | Create | Villager (Male) |
| 12:56 | Create | Villager (Male) |
| 13:00 | Create | Scout Cavalry |
| 13:10 | Build | Blacksmith |
| 13:27 | Create | Villager (Male) |
| 13:30 | Build | House |
| 13:32 | Create | Scout Cavalry |
| 13:53 | Research | Forging |
| 13:57 | Create | Scout Cavalry |
| 13:59 | Create | Villager (Male) |
| 14:13 | Build | Palisade Wall |
| 14:23 | Create | Villager (Male) |
| 14:26 | Build | Farm |
| 14:33 | Build | House |
| 14:42 | Build | Palisade Wall |
| 14:43 | Create | Villager (Male) |
| 14:52 | Build | Farm |
| 14:53 | Create | Villager (Male) |
| 15:05 | Create | Villager (Male) |
| 15:18 | Build | Farm |
| 15:21 | Research | Horse Collar |
| 15:54 | Create | Villager (Male) |
| 16:02 | Build | Farm |
| 16:22 | Build | Farm |
| 16:22 | Create | Villager (Male) |
| 16:37 | Build | Farm |
| 17:02 | Build | Farm |
| 17:02 | Create | Villager (Male) |
| 17:18 | Build | Mining Camp |
| 17:35 | Build | Farm |
| 17:48 | Create | Villager (Male) |
| 17:58 | Create | Villager (Male) |
| 18:04 | Build | Palisade Wall |
| 18:37 | Build | Farm |
| 19:06 | Create | Villager (Male) |
| 19:08 | Build | Farm |
| 19:10 | Build | Farm |
| 19:22 | Create | Villager (Male) |
| 19:26 | Build | Market |
| 19:34 | Research | Castle Age |
| 19:43 | Build | Farm |
| 20:00 | Research | Gold Mining |
| 20:44 | Build | Stable |
| 20:46 | Research | Bloodlines |
| 20:48 | Research | Scale Barding Armor |
| 21:27 | Build | Farm |
| 21:28 | Build | Farm |
| 21:31 | Build | Farm |
| 21:34 | Build | House |
| 21:35 | Build | House |
| 22:14 | Age | Castle Age |
| 22:17 | Create | Knight |
| 22:17 | Create | Knight |
| 22:17 | Create | Villager (Male) |
| 22:18 | Create | Villager (Male) |
| 22:22 | Create | Villager (Male) |
| 22:24 | Research | Bow Saw |
| 22:27 | Build | House |
| 22:31 | Research | Wheelbarrow |
| 22:34 | Create | Knight |
| 22:34 | Create | Knight |
| 22:52 | Build | Farm |
| 23:02 | Research | Chain Barding Armor |
| 23:06 | Create | Villager (Male) |
| 23:08 | Build | House |
| 23:25 | Create | Villager (Male) |
| 23:31 | Build | House |
| 23:41 | Research | Husbandry |
| 23:49 | Build | House |
| 23:51 | Build | House |
| 23:53 | Build | House |
| 24:12 | Create | Villager (Male) |
| 24:19 | Build | Town Center |
| 24:33 | Create | Villager (Male) |
| 24:58 | Create | Knight |
| 24:58 | Create | Knight |
| 24:59 | Create | Villager (Male) |
| 24:59 | Create | Villager (Male) |
| 25:21 | Create | Villager (Male) |
| 25:21 | Create | Villager (Male) |
| 25:27 | Build | Town Center |
| 25:38 | Create | Villager (Male) |
| 25:38 | Create | Villager (Male) |
| 26:23 | Create | Villager (Male) |
| 26:24 | Create | Villager (Male) |
| 26:24 | Create | Villager (Male) |
| 26:25 | Build | Farm |
| 26:26 | Build | Farm |
| 26:29 | Build | Farm |
| 26:29 | Build | Farm |
| 26:32 | Build | Farm |
| 26:34 | Build | Farm |
| 26:39 | Create | Villager (Male) |
| 26:39 | Create | Villager (Male) |
| 26:39 | Create | Villager (Male) |
| 26:42 | Build | Farm |
| 26:49 | Create | Villager (Male) |
| 26:49 | Create | Villager (Male) |
| 26:49 | Create | Villager (Male) |
| 26:56 | Create | Knight |
| 26:56 | Create | Knight |
| 27:01 | Create | Villager (Male) |
| 27:01 | Create | Villager (Male) |
| 27:03 | Build | Farm |
| 27:05 | Build | Farm |
| 27:20 | Create | Knight |
| 27:20 | Create | Knight |
Build order — Requi3m
First 150 of 264 actions detected
| 0:47 | Build | Town Center |
| 2:40 | Build | House |
| 2:44 | Create | Villager (Male) |
| 2:44 | Create | Villager (Male) |
| 2:45 | Create | Villager (Male) |
| 3:12 | Create | Villager (Male) |
| 3:13 | Create | Villager (Male) |
| 3:34 | Create | Villager (Male) |
| 3:34 | Create | Villager (Male) |
| 4:34 | Build | Lumber Camp |
| 4:43 | Create | Villager (Male) |
| 4:43 | Create | Villager (Male) |
| 4:43 | Create | Villager (Male) |
| 5:06 | Build | House |
| 5:10 | Create | Villager (Male) |
| 5:10 | Create | Villager (Male) |
| 5:10 | Create | Villager (Male) |
| 5:54 | Create | Villager (Male) |
| 5:54 | Create | Villager (Male) |
| 6:26 | Create | Villager (Male) |
| 6:27 | Create | Villager (Male) |
| 6:36 | Build | House |
| 6:40 | Create | Villager (Male) |
| 7:35 | Create | Villager (Male) |
| 7:35 | Create | Villager (Male) |
| 7:45 | Build | Mill |
| 8:02 | Create | Villager (Male) |
| 8:02 | Create | Villager (Male) |
| 8:02 | Create | Villager (Male) |
| 8:02 | Create | Villager (Male) |
| 8:12 | Create | Villager (Male) |
| 8:51 | Build | House |
| 9:33 | Build | Palisade Wall |
| 9:55 | Build | Palisade Wall |
| 10:15 | Create | Villager (Male) |
| 10:29 | Build | Mining Camp |
| 10:36 | Create | Villager (Male) |
| 10:55 | Research | Loom |
| 10:55 | Research | Feudal Age |
| 11:16 | Build | House |
| 11:24 | Build | House |
| 12:52 | Create | Villager (Male) |
| 12:52 | Create | Villager (Male) |
| 13:17 | Build | House |
| 13:21 | Build | Palisade Wall |
| 13:40 | Age | Feudal Age |
| 13:42 | Build | Market |
| 13:49 | Build | Blacksmith |
| 13:58 | Build | Mining Camp |
| 14:37 | Research | Castle Age |
| 14:37 | Research | Castle Age |
| 14:50 | Build | Palisade Wall |
| 15:15 | Research | Double-Bit Axe |
| 15:15 | Research | Double-Bit Axe |
| 15:45 | Build | Palisade Wall |
| 16:18 | Build | Palisade Gate |
| 16:39 | Create | Villager (Male) |
| 16:39 | Create | Villager (Male) |
| 16:51 | Build | Palisade Wall |
| 17:11 | Create | Villager (Male) |
| 17:17 | Age | Castle Age |
| 17:20 | Build | Town Center |
| 17:31 | Build | Palisade Wall |
| 17:34 | Build | Palisade Gate |
| 17:44 | Build | House |
| 18:00 | Create | Villager (Male) |
| 18:32 | Create | Villager (Male) |
| 18:43 | Build | Lumber Camp |
| 18:47 | Create | Villager (Male) |
| 19:00 | Create | Villager (Male) |
| 19:00 | Create | Villager (Male) |
| 19:21 | Build | Castle |
| 19:25 | Create | Villager (Male) |
| 19:26 | Create | Villager (Male) |
| 19:43 | Research | Bow Saw |
| 19:47 | Create | Villager (Male) |
| 19:52 | Build | House |
| 19:53 | Build | House |
| 20:04 | Create | Villager (Male) |
| 20:17 | Build | Town Center |
| 20:24 | Build | House |
| 20:25 | Build | House |
| 20:42 | Build | Farm |
| 20:43 | Build | Farm |
| 20:45 | Build | Farm |
| 20:52 | Build | Mill |
| 20:55 | Create | Camel Archer |
| 20:56 | Create | Camel Archer |
| 20:56 | Create | Camel Archer |
| 20:58 | Create | Villager (Male) |
| 21:23 | Create | Villager (Male) |
| 21:23 | Create | Villager (Male) |
| 21:27 | Create | Villager (Male) |
| 21:27 | Create | Villager (Male) |
| 21:34 | Create | Villager (Male) |
| 21:35 | Create | Villager (Male) |
| 21:39 | Create | Camel Archer |
| 21:40 | Create | Camel Archer |
| 21:47 | Build | Barracks |
| 21:54 | Build | House |
| 21:55 | Build | House |
| 21:58 | Build | House |
| 22:01 | Create | Villager (Male) |
| 22:01 | Create | Villager (Male) |
| 22:01 | Create | Villager (Male) |
| 22:14 | Create | Villager (Male) |
| 22:14 | Create | Villager (Male) |
| 22:14 | Create | Villager (Male) |
| 22:24 | Research | Horse Collar |
| 22:38 | Build | House |
| 22:50 | Create | Villager (Male) |
| 22:51 | Create | Villager (Male) |
| 22:51 | Create | Villager (Male) |
| 22:57 | Create | Villager (Male) |
| 22:58 | Create | Villager (Male) |
| 22:58 | Create | Villager (Male) |
| 22:58 | Create | Villager (Male) |
| 23:02 | Create | Villager (Male) |
| 23:02 | Create | Villager (Male) |
| 23:02 | Create | Villager (Male) |
| 23:05 | Research | Fletching |
| 23:11 | Build | Farm |
| 23:12 | Build | Farm |
| 23:13 | Build | Farm |
| 23:14 | Build | Farm |
| 23:17 | Build | Farm |
| 23:24 | Create | Villager (Male) |
| 23:24 | Create | Villager (Male) |
| 23:35 | Build | Farm |
| 23:36 | Build | Farm |
| 23:37 | Build | Farm |
| 23:37 | Build | Farm |
| 23:49 | Build | Farm |
| 23:50 | Build | Farm |
| 23:53 | Build | Farm |
| 23:55 | Build | Farm |
| 24:13 | Build | Farm |
| 24:14 | Build | Farm |
| 24:18 | Build | Farm |
| 24:22 | Build | Farm |
| 24:23 | Create | Villager (Male) |
| 24:27 | Create | Villager (Male) |
| 24:27 | Create | Villager (Male) |
| 24:27 | Create | Villager (Male) |
| 24:32 | Build | Farm |
| 24:35 | Build | Farm |
| 24:38 | Create | Villager (Male) |
| 24:38 | Create | Villager (Male) |
| 24:38 | Create | Villager (Male) |
| 24:50 | Build | Farm |
Build order — TheZero
First 150 of 325 actions detected
| 0:35 | Build | Town Center |
| 1:19 | Build | House |
| 2:10 | Build | Mill |
| 2:38 | Create | Villager (Male) |
| 2:38 | Create | Villager (Male) |
| 2:38 | Create | Villager (Male) |
| 2:39 | Create | Villager (Male) |
| 3:30 | Create | Villager (Male) |
| 4:06 | Build | House |
| 4:15 | Create | Villager (Male) |
| 4:19 | Create | Villager (Male) |
| 4:19 | Create | Villager (Male) |
| 4:41 | Build | House |
| 4:46 | Create | Villager (Male) |
| 4:47 | Create | Villager (Male) |
| 5:15 | Create | Villager (Male) |
| 5:17 | Create | Villager (Male) |
| 5:23 | Create | Villager (Male) |
| 5:25 | Create | Villager (Male) |
| 6:00 | Build | House |
| 6:10 | Create | Villager (Male) |
| 6:28 | Build | House |
| 6:34 | Create | Villager (Male) |
| 6:35 | Create | Villager (Male) |
| 6:40 | Build | House |
| 6:48 | Create | Villager (Male) |
| 7:02 | Create | Villager (Male) |
| 7:04 | Create | Villager (Male) |
| 7:11 | Create | Villager (Male) |
| 7:18 | Build | House |
| 7:19 | Create | Villager (Male) |
| 7:26 | Create | Villager (Male) |
| 7:29 | Create | Villager (Male) |
| 7:30 | Create | Villager (Male) |
| 8:01 | Create | Villager (Male) |
| 8:01 | Create | Villager (Male) |
| 8:16 | Build | House |
| 8:29 | Create | Villager (Male) |
| 8:30 | Create | Villager (Male) |
| 8:36 | Build | House |
| 8:39 | Build | House |
| 8:43 | Build | House |
| 8:54 | Build | House |
| 8:55 | Create | Villager (Male) |
| 9:03 | Build | House |
| 9:05 | Build | House |
| 9:07 | Create | Villager (Male) |
| 9:12 | Create | Villager (Male) |
| 9:17 | Build | House |
| 9:19 | Build | House |
| 9:28 | Build | House |
| 9:30 | Build | House |
| 9:31 | Create | Villager (Male) |
| 9:41 | Create | Villager (Male) |
| 9:51 | Build | House |
| 9:55 | Create | Villager (Male) |
| 10:08 | Create | Villager (Male) |
| 10:11 | Build | House |
| 10:17 | Build | Mining Camp |
| 10:23 | Create | Villager (Male) |
| 10:23 | Create | Villager (Male) |
| 10:31 | Build | House |
| 11:22 | Build | House |
| 11:30 | Build | House |
| 11:35 | Create | Villager (Male) |
| 11:44 | Build | House |
| 11:53 | Build | Mill |
| 11:56 | Build | House |
| 12:38 | Research | Feudal Age |
| 12:38 | Research | Feudal Age |
| 12:39 | Research | Feudal Age |
| 13:05 | Build | Mining Camp |
| 13:08 | Build | Mining Camp |
| 13:25 | Create | Villager (Male) |
| 13:28 | Create | Villager (Male) |
| 13:29 | Build | House |
| 13:40 | Build | Palisade Gate |
| 14:17 | Create | Villager (Male) |
| 14:19 | Build | House |
| 14:27 | Create | Villager (Male) |
| 14:31 | Build | House |
| 14:45 | Build | House |
| 14:47 | Create | Villager (Male) |
| 14:48 | Age | Feudal Age |
| 14:52 | Create | Villager (Male) |
| 14:54 | Build | Market |
| 14:55 | Build | Blacksmith |
| 15:00 | Build | House |
| 15:04 | Build | House |
| 15:17 | Build | House |
| 15:37 | Build | House |
| 15:40 | Build | House |
| 15:45 | Research | Castle Age |
| 15:45 | Research | Castle Age |
| 16:09 | Build | Lumber Camp |
| 16:44 | Build | Outpost |
| 16:47 | Build | Outpost |
| 16:54 | Research | Double-Bit Axe |
| 16:54 | Research | Double-Bit Axe |
| 17:12 | Research | Fletching |
| 17:35 | Create | Villager (Male) |
| 18:00 | Create | Villager (Male) |
| 18:05 | Research | Loom |
| 18:08 | Create | Villager (Male) |
| 18:13 | Create | Villager (Male) |
| 18:25 | Age | Castle Age |
| 18:26 | Research | Bodkin Arrow |
| 18:31 | Build | Castle |
| 18:39 | Build | Town Center |
| 18:44 | Research | Gold Mining |
| 18:46 | Research | Horse Collar |
| 18:51 | Create | Villager (Male) |
| 19:01 | Research | Town Watch |
| 19:02 | Create | Villager (Male) |
| 19:07 | Research | Bow Saw |
| 19:07 | Research | Bow Saw |
| 19:07 | Research | Bow Saw |
| 19:14 | Create | Villager (Male) |
| 19:27 | Create | Villager (Male) |
| 19:41 | Create | Villager (Male) |
| 19:41 | Create | Villager (Male) |
| 20:08 | Create | Mangudai |
| 20:09 | Create | Mangudai |
| 20:23 | Create | Mangudai |
| 20:28 | Build | Farm |
| 20:31 | Build | Farm |
| 20:33 | Create | Villager (Male) |
| 20:39 | Build | Farm |
| 20:40 | Create | Villager (Male) |
| 20:52 | Build | Farm |
| 21:10 | Create | Villager (Male) |
| 21:10 | Create | Villager (Male) |
| 21:11 | Create | Villager (Male) |
| 21:14 | Create | Mangudai |
| 21:29 | Create | Villager (Male) |
| 21:43 | Create | Villager (Male) |
| 21:47 | Create | Mangudai |
| 21:51 | Create | Villager (Male) |
| 21:52 | Create | Villager (Male) |
| 22:04 | Build | Mining Camp |
| 22:07 | Create | Villager (Male) |
| 22:07 | Create | Villager (Male) |
| 22:11 | Create | Villager (Male) |
| 22:13 | Create | Villager (Male) |
| 22:20 | Create | Mangudai |
| 22:25 | Create | Villager (Male) |
| 22:40 | Create | Villager (Male) |
| 22:48 | Build | University |
| 22:49 | Create | Villager (Male) |
| 23:02 | Create | Villager (Male) |
Match timeline
| 6:54 | Ux'Uzzi · first_building Dock |
| 7:02 | Ux'Kmicampos · wall_segment Palisade Wall x2 |
| 7:38 | SinManos · wall_segment Palisade Wall x1 |
| 7:38 | SinManos · wall_segment Palisade Wall x1 |
| 7:48 | Ux'Kmicampos · wall_segment Palisade Wall x2 |
| 7:52 | Ux'Kmicampos · wall_segment Palisade Wall x3 |
| 7:54 | Ux'Kmicampos · wall_segment Palisade Wall x1 |
| 8:11 | Ux'Uzzi · wall_segment Palisade Wall x3 |
| 9:33 | Requi3m · wall_segment Palisade Wall x3 |
| 9:39 | Ux'Uzzi · wall_segment Palisade Wall x4 |
| 9:55 | Requi3m · wall_segment Palisade Wall x4 |
| 10:10 | Ux'Uzzi · wall_segment Palisade Wall x2 |
| 10:26 | _MaNu_ · first_building Barracks |
| 10:31 | Ux'Uzzi · wall_segment Palisade Wall x10 |
| 11:21 | _MaNu_ · age_up feudal |
| 11:34 | _xRegulusx_ · first_building Barracks |
| 11:39 | _MaNu_ · first_building Stable |
| 11:43 | Ux'Uzzi · wall_segment Palisade Wall x9 |
| 11:59 | Ux'Kmicampos · wall_segment Palisade Wall x3 |
| 12:00 | Ux'Kmicampos · wall_segment Palisade Wall x1 |
| 12:01 | Ux'Kmicampos · wall_segment Palisade Wall x1 |
| 12:01 | Ux'Kmicampos · wall_segment Palisade Wall x1 |
| 12:02 | Huxley · wall_segment Palisade Wall x10 |
| 12:31 | Ux'Kmicampos · wall_segment Palisade Wall x2 |
| 12:31 | Ux'Uzzi · wall_segment Palisade Wall x1 |
| 12:39 | SinManos · wall_segment Palisade Wall x1 |
| 12:39 | Ux'Kmicampos · wall_segment Palisade Wall x2 |
| 12:40 | SinManos · wall_segment Palisade Wall x1 |
| 12:40 | SinManos · wall_segment Palisade Wall x1 |
| 12:41 | Ux'Kmicampos · wall_segment Palisade Wall x3 |
| 12:41 | SinManos · wall_segment Palisade Wall x1 |
| 12:42 | SinManos · wall_segment Palisade Wall x1 |
| 12:42 | Ux'Kmicampos · wall_segment Palisade Wall x2 |
| 12:48 | Huxley · wall_segment Palisade Wall x1 |
| 12:57 | _xRegulusx_ · age_up feudal |
| 12:57 | Ux'Uzzi · wall_segment Palisade Wall x1 |
| 12:59 | _xRegulusx_ · first_building Archery Range |
| 13:16 | Ux'Uzzi · wall_segment Palisade Wall x3 |
| 13:19 | Ux'Kmicampos · age_up feudal |
| 13:21 | Requi3m · wall_segment Palisade Wall x24 |
| 13:24 | SinManos · wall_segment Palisade Wall x1 |
| 13:25 | SinManos · wall_segment Palisade Wall x1 |
| 13:40 | Ux'Kmicampos · wall_segment Palisade Wall x7 |
| 13:40 | Requi3m · age_up feudal |
| 13:45 | Ux'Uzzi · age_up feudal |
| 13:46 | SinManos · wall_segment Palisade Wall x1 |
| 13:47 | SinManos · wall_segment Palisade Wall x1 |
| 13:48 | SinManos · wall_segment Palisade Wall x1 |
| 13:52 | SinManos · wall_segment Palisade Wall x1 |
| 13:54 | SinManos · wall_segment Palisade Wall x1 |
| 13:57 | SinManos · wall_segment Palisade Wall x1 |
| 14:02 | Huxley · wall_segment Palisade Wall x6 |
| 14:13 | _MaNu_ · wall_segment Palisade Wall x8 |
| 14:14 | SinManos · wall_segment Palisade Wall x1 |
| 14:15 | SinManos · wall_segment Palisade Wall x1 |
| 14:16 | SinManos · wall_segment Palisade Wall x1 |
| 14:19 | SinManos · wall_segment Palisade Wall x1 |
| 14:20 | SinManos · wall_segment Palisade Wall x1 |
| 14:21 | SinManos · wall_segment Palisade Wall x1 |
| 14:22 | SinManos · wall_segment Palisade Wall x1 |
| 14:32 | Huxley · age_up feudal |
| 14:39 | SinManos · wall_segment Palisade Wall x1 |
| 14:41 | Ux'Kmicampos · wall_segment Palisade Wall x7 |
| 14:41 | Ux'Uzzi · wall_segment Palisade Wall x1 |
| 14:41 | SinManos · wall_segment Palisade Wall x1 |
| 14:42 | SinManos · wall_segment Palisade Wall x1 |
| 14:42 | _MaNu_ · wall_segment Palisade Wall x11 |
| 14:43 | SinManos · wall_segment Palisade Wall x1 |
| 14:43 | SinManos · wall_segment Palisade Wall x1 |
| 14:47 | Requi3m · first_market_sell 100 wood |
| 14:48 | TheZero · age_up feudal |
| 14:50 | Requi3m · wall_segment Palisade Wall x1 |
| 14:50 | Ux'Kmicampos · wall_segment Palisade Wall x4 |
| 14:52 | Ux'Uzzi · first_market_sell 100 stone |
| 14:54 | Ux'Kmicampos · wall_segment Palisade Wall x6 |
| 15:01 | Ux'Uzzi · wall_segment Palisade Wall x1 |
| 15:15 | SinManos · age_up feudal |
| 15:19 | Huxley · wall_segment Palisade Wall x6 |
| 15:39 | Ux'Kmicampos · first_building Barracks |
| 15:45 | Requi3m · wall_segment Palisade Wall x6 |
| 16:04 | Huxley · wall_segment Palisade Wall x1 |
| 16:05 | Huxley · wall_segment Palisade Wall x1 |
| 16:20 | SinManos · wall_segment Palisade Wall x1 |
| 16:22 | SinManos · wall_segment Palisade Wall x1 |
| 16:23 | SinManos · wall_segment Palisade Wall x1 |
| 16:23 | SinManos · wall_segment Palisade Wall x1 |
| 16:25 | SinManos · wall_segment Palisade Wall x1 |
| 16:42 | _xRegulusx_ · wall_segment Palisade Wall x4 |
| 16:44 | _xRegulusx_ · wall_segment Palisade Wall x6 |
| 16:45 | Ux'Uzzi · age_up castle |
| 16:51 | Requi3m · wall_segment Palisade Wall x4 |
| 16:56 | Ux'Kmicampos · age_up castle |
| 17:03 | Ux'Kmicampos · first_building Archery Range |
| 17:05 | Ux'Uzzi · first_market_buy 100 food |
| 17:09 | SinManos · wall_segment Palisade Wall x1 |
| 17:17 | Requi3m · age_up castle |
| 17:31 | Requi3m · wall_segment Palisade Wall x9 |
| 17:40 | Huxley · wall_segment Palisade Wall x1 |
| 17:44 | Huxley · wall_segment Palisade Wall x1 |
| 17:57 | Huxley · wall_segment Palisade Wall x1 |
| 18:04 | _MaNu_ · wall_segment Palisade Wall x8 |
| 18:08 | _xRegulusx_ · wall_segment Palisade Wall x7 |
| 18:09 | _xRegulusx_ · wall_segment Palisade Wall x3 |
| 18:12 | Huxley · wall_segment Palisade Wall x1 |
| 18:21 | Huxley · wall_segment Palisade Wall x5 |
| 18:25 | TheZero · age_up castle |
| 18:31 | TheZero · first_building Castle |
| 18:43 | _xRegulusx_ · age_up castle |
| 18:46 | Ux'Kmicampos · first_market_buy 100 wood |
| 18:55 | SinManos · age_up castle |
| 19:21 | Requi3m · first_building Castle |
| 19:45 | Huxley · age_up castle |
| 20:27 | SinManos · first_building Castle |
| 20:28 | Ux'Kmicampos · wall_segment Palisade Wall x10 |
| 21:05 | SinManos · first_market_buy 100 food |
| 21:16 | Huxley · first_market_sell 100 wood |
| 21:47 | Requi3m · first_building Barracks |
| 22:13 | Requi3m · first_market_buy 100 food |
| 22:14 | _MaNu_ · age_up castle |
| 22:21 | Ux'Kmicampos · first_market_sell 100 wood |
| 22:35 | Huxley · wall_segment Palisade Wall x1 |
| 23:01 | _MaNu_ · first_market_sell 100 wood |
| 24:09 | TheZero · first_market_sell 100 wood |
| 24:16 | Ux'Uzzi · wall_segment Stone Wall x2 |
| 24:40 | Huxley · first_building Castle |
| 24:45 | TheZero · first_building Barracks |
| 25:24 | Ux'Kmicampos · first_building Stable |
| 25:49 | TheZero · first_building Stable |
| 26:38 | Ux'Uzzi · first_building Barracks |
| 27:07 | Ux'Uzzi · first_building Monastery |
| 27:09 | Requi3m · wall_segment Palisade Wall x1 |
| 27:09 | _xRegulusx_ · wall_segment Palisade Wall x1 |
| 27:11 | TheZero · first_market_buy 100 stone |
| 27:34 | Ux'Uzzi · first_building Castle |
| 28:08 | Requi3m · first_building Stable |
| 28:16 | Huxley · first_market_buy 100 wood |
| 29:28 | Ux'Uzzi · first_building Stable |
| 29:40 | Huxley · wall_segment Palisade Wall x1 |
| 29:46 | Huxley · wall_segment Palisade Wall x1 |
| 29:47 | Ux'Uzzi · age_up imperial |
| 30:20 | Ux'Uzzi · first_building Siege Workshop |
| 30:42 | SinManos · first_market_sell 100 wood |
| 31:14 | SinManos · first_building Barracks |
| 31:27 | _MaNu_ · first_building Monastery |
| 32:09 | SinManos · first_building Archery Range |
| 32:47 | Ux'Uzzi · first_building Archery Range |
| 32:50 | Requi3m · first_building Archery Range |
| 33:04 | _xRegulusx_ · first_building Monastery |
| 33:08 | Huxley · wall_segment Stone Wall x1 |
| 33:10 | Huxley · wall_segment Stone Wall x1 |
| 33:12 | Huxley · wall_segment Stone Wall x1 |
| 33:36 | _MaNu_ · resign |
| 33:57 | SinManos · age_up imperial |
| 34:07 | TheZero · first_building Archery Range |
[ AI ANALYSIS · 1 CREDIT ]
What really happened in this match?
Wolo.gg analyzes every decision: build order, eco, micro, common mistakes by bracket. Personalized analysis on WhatsApp or Discord in 30 seconds.
Civ guide
Japanese
Map guide
African Clearing
Perfil
Jugador #17170708